AoeStats
← Red Calypso

Lombardia

508346100Analyzed
4v4 RM · 10d ago on Sep 22, 2026· 56m 20s· 8 players
Game mode
Random Map
Map size
Large (8 player)
Population
200
Speed
Normal
Resources
Standard
Victory
Conquest
Starting age
Dark Age
Ending age
Imperial Age
RankedLock teamsTeams togetherTeam positionsShared explorationLock speedFull tech treeHidden civsTurbo modeCheats
Victory
Defeat
🇲🇽 Gurjaras · Mexico
1547
+14
🇦🇷 Teutons · Argentina
1482
+16
🇺🇸 Magyars · United States
1478
+17
🇨🇦 Persians · Canada
1465
+17
🇨🇳 Magyars · China
1634
-22
🇧🇪 Ethiopians · Belgium
1544
-18
🇩🇪 Koreans · Germany
1417
-13
🇦🇹 Mongols · Austria
1376
-11
sliu132
6:51 Loom
10:03 Feudal Age
16:05 Double-Bit Axe
16:31 Horse Collar
19:35 Castle Age
20:36 Heavy Plow
25:18 Wheelbarrow
25:20 Caravan
29:20 Bow Saw
30:36 Scale Barding Armor
33:31 Imperial Age
31:16 Hand Cart
30:47 Town Watch
31:39 Chain Barding Armor
32:36 Bloodlines
32:26 Husbandry
32:53 Gold Mining
33:36 Cavalier
35:01 Plate Barding Armor
36:21 Two-Man Saw
35:54 Crop Rotation
35:07 Paladin
36:38 Stone Mining
37:27 Gold Shaft Mining
37:23 Conscription
36:55 Fletching
37:49 Bodkin Arrow
38:44 Onager
40:01 Town Patrol
41:55 Chemistry
41:05 Masonry
44:21 Coinage
44:55 Bracer
44:55 Padded Archer Armor
45:02 Siege Engineers
46:39 Banking
47:55 Light Cavalry
48:40 Corvinian Army
51:33 Elite Magyar Huszar
52:49 Hoardings
56:25 Murder Holes
56:52 Ballistics
56:51 Leather Archer Armor
56:37 Scale Mail Armor
56:19 Treadmill Crane
56:02 Hussar
57:04 Fervor
57:14 Sanctity
57:10 Block Printing
57:22 Illumination
56:53 Herbal Medicine
赤いドラゴン
10:32 Feudal Age
12:24 Double-Bit Axe
14:42 Castle Age
16:17 Bow Saw
19:09 Horse Collar
21:45 Wheelbarrow
23:19 Heavy Plow
25:32 Bloodlines
26:32 Scale Barding Armor
27:24 Husbandry
27:53 Chain Barding Armor
28:51 Kshatriyas
29:19 Forging
35:36 Imperial Age
33:50 Hand Cart
35:19 Iron Casting
34:44 Gold Mining
35:27 Loom
35:56 Town Watch
36:49 Frontier Guards
36:03 Heavy Camel Rider
36:48 Elite Shrivamsha Rider
38:14 Plate Barding Armor
39:27 Gold Shaft Mining
38:43 Stone Mining
38:58 Caravan
41:04 Coinage
40:57 Ballistics
40:48 Masonry
40:33 Murder Holes
41:40 Chemistry
52:37 Fletching
52:48 Padded Archer Armor
53:00 Fortified Wall
53:21 Architecture
52:32 Treadmill Crane
52:53 Town Patrol
52:15 Light Cavalry
52:20 Man-at-Arms
52:46 Arson
53:36 Crop Rotation
53:40 Banking
53:35 Conscription
53:51 Hoardings
52:36 Elite Chakram Thrower
53:14 Bodkin Arrow
53:19 Scale Mail Armor
53:12 Guard Tower
54:46 Stone Shaft Mining
53:35 Hussar
53:56 Sappers
55:27 Bracer
55:43 Leather Archer Armor
55:44 Chain Mail Armor
55:31 Heated Shot
55:53 Careening
55:54 Clinker Construction
56:19 Keep
55:11 Long Swordsman
mini_mike
10:24 Feudal Age
14:01 Castle Age
11:53 Double-Bit Axe
12:29 Horse Collar
22:53 Bow Saw
23:28 Heavy Plow
25:05 Wheelbarrow
25:34 Loom
25:36 Town Watch
26:03 Gold Mining
26:03 Stone Mining
27:36 Hand Cart
30:04 Imperial Age
28:09 Hand Cart
28:55 Scale Barding Armor
29:10 Forging
29:43 Gold Shaft Mining
29:28 Bloodlines
29:21 Husbandry
30:23 Chain Barding Armor
30:39 Iron Casting
29:42 Cavalier
32:21 Two-Man Saw
31:10 Savar
33:10 Plate Barding Armor
33:38 Blast Furnace
33:39 Fletching
34:52 Chemistry
34:04 Masonry
34:33 Town Patrol
35:39 Bodkin Arrow
36:01 Citadels
36:11 Conscription
36:27 Hoardings
36:16 Ballistics
39:31 Light Cavalry
40:56 Stone Shaft Mining
43:44 Caravan
43:55 Guilds
54:46 Architecture
FeR
6:53 Loom
9:16 Feudal Age
11:12 Double-Bit Axe
11:24 Horse Collar
16:32 Town Watch
20:24 Castle Age
21:17 Bow Saw
21:09 Heavy Plow
24:15 Wheelbarrow
26:12 Fortified Wall
26:33 Gold Mining
26:33 Stone Mining
29:31 Hand Cart
29:22 Town Patrol
31:58 Imperial Age
29:38 Fletching
29:20 Pikeman
29:46 Gambesons
30:01 Squires
30:21 Scale Mail Armor
31:01 Arson
31:33 Chain Mail Armor
31:29 Forging
33:11 Plate Mail Armor
32:02 Halberdier
33:33 Iron Casting
32:54 Bodkin Arrow
33:13 Bodkin Arrow
35:13 Chemistry
34:19 Siphons
34:40 Conscription
34:11 Capped Ram
35:26 Ironclad
36:39 Blast Furnace
37:36 Crenellations
37:40 Ballistics
37:55 Masonry
38:27 Hoardings
39:33 Two-Man Saw
38:23 Onager
39:57 Siege Onager
41:12 Siege Engineers
48:00 Crop Rotation
Red Calypso
5:03 Loom
9:19 Feudal Age
11:42 Forging
16:00 Double-Bit Axe
18:28 Horse Collar
22:30 Castle Age
21:36 Gold Mining
21:37 Stone Mining
22:38 Wheelbarrow
21:49 Town Watch
22:28 Fletching
22:38 Padded Archer Armor
23:47 Husbandry
24:22 Heavy Plow
25:31 Bow Saw
29:26 Ballistics
32:18 Stone Shaft Mining
36:19 Imperial Age
34:36 Hand Cart
35:12 Fortified Wall
35:12 Masonry
34:39 Light Cavalry
35:31 Bloodlines
35:55 Town Patrol
37:34 Bodkin Arrow
38:41 Chemistry
37:59 Elite Mangudai
39:01 Conscription
39:08 Bracer
39:23 Leather Archer Armor
38:57 Hussar
40:18 Thumb Ring
40:45 Parthian Tactics
40:31 Scale Barding Armor
41:09 Heavy Camel Rider
49:14 Chain Barding Armor
49:54 Iron Casting
51:51 Blast Furnace
LukasPlanet
4:51 Loom
11:25 Feudal Age
15:08 Castle Age
13:21 Double-Bit Axe
13:40 Horse Collar
14:40 Fletching
16:17 Bodkin Arrow
17:22 Bow Saw
18:44 Gold Mining
22:57 Husbandry
23:57 Heavy Plow
27:08 Ballistics
28:19 Wheelbarrow
29:50 Gold Shaft Mining
32:48 Eupseong
35:15 Hand Cart
34:46 Town Watch
38:13 Imperial Age
36:13 Town Watch
38:31 Town Patrol
39:34 Shinkichon
39:36 Conscription
39:56 Bracer
41:29 Chemistry
41:28 Caravan
41:55 Elite War Wagon
48:22 Two-Man Saw
Whop
8:39 Loom
10:46 Feudal Age
15:10 Castle Age
13:31 Double-Bit Axe
19:22 Bow Saw
21:18 Horse Collar
23:45 Wheelbarrow
22:56 Town Watch
23:04 Fletching
23:09 Gold Mining
24:13 Heavy Plow
24:16 Padded Archer Armor
24:42 Bodkin Arrow
24:55 Crossbowman
26:59 Gold Shaft Mining
27:44 Thumb Ring
28:34 Hand Cart
28:40 Stone Mining
29:10 Leather Archer Armor
34:15 Imperial Age
32:24 Ballistics
32:15 Masonry
34:21 Arbalester
35:01 Bracer
35:33 Ring Archer Armor
36:12 Chemistry
35:24 Fortified Wall
41:34 Halberdier
42:21 Scale Mail Armor
42:32 Forging
42:56 Squires
42:41 Arson
45:16 Chain Mail Armor
45:36 Iron Casting
48:26 Iron Casting
小白
6:44 Loom
9:43 Feudal Age
11:06 Double-Bit Axe
12:59 Horse Collar
17:05 Wheelbarrow
21:43 Castle Age
19:46 Gold Mining
20:17 Stone Mining
20:57 Scale Barding Armor
21:17 Bloodlines
22:46 Bow Saw
22:37 Heavy Plow
24:06 Husbandry
25:20 Chain Barding Armor
26:30 Corvinian Army
27:28 Gold Shaft Mining
28:56 Hand Cart
36:52 Imperial Age
34:58 Ballistics
34:29 Fletching
35:40 Bodkin Arrow
38:14 Plate Barding Armor
36:59 Elite Magyar Huszar
38:01 Conscription
38:43 Two-Man Saw
38:14 Crop Rotation
39:30 Bracer
41:53 Chemistry
43:47 Murder Holes
50:00 Masonry
51:04 Hoardings
Connection lost

Rejoining the realm…

Still unreachable

The connection could not be restored.

Session expired

The server has moved on; the page needs a fresh start.